 Dungeon Crawl Stone Soup version 0.28-a0-479-g5baa6b73be (webtiles) character file.

Game seed: 11753140945955089152

828 timneilson the Shield-Bearer (level 7, -11/44 HPs)
             Began as a Gargoyle Fighter on Sept 18, 2021.
             Mangled by an ogre (24 damage)
             ... on level 5 of the Dungeon.
             The game lasted 00:11:43 (6531 turns).

timneilson the Shield-Bearer (Gargoyle Fighter)     Turns: 6531, Time: 00:11:43

Health: -11/44     AC: 14    Str: 21    XL:     7   Next: 97%
Magic:  0/7        EV:  8    Int:  9    God:
Gold:   1365       SH:  5    Dex:  9    Spells: 6/6 levels left

rFire   . . .      SeeInvis .   a - +0 long sword
rCold   . . .      Faith    .   c - +0 buckler
rNeg    + . .      Spirit   +   f - +0 chain mail
rPois   ∞          Reflect  .   (no helmet)
rElec   +          Harm     .   (no cloak)
rCorr   .          Rampage  .   (no gloves)
Will    .....                   (no boots)
Stlth   ..........              i - amulet of guardian spirit
HPRegen 0.14/turn               (no ring)
MPRegen 0.10/turn               (no ring)

@: no status effects
A: sickness immunity, AC +4, negative energy resistance 1, electricity
resistance, torment resistance 1, petrification resistance
a: no special abilities


You were on level 5 of the Dungeon.
You visited 2 branches of the dungeon, and saw 6 of its levels.
You also visited: Sewer.

You collected 1365 gold pieces.

Inventory:

Hand Weapons
 a - a +0 long sword (weapon)
Armour
 c - a +0 buckler (worn)
 f - a +0 chain mail (worn)
Jewellery
 i - an amulet of guardian spirit (around neck)
Wands
 k - a wand of iceblast (9)
Scrolls
 j - a scroll of teleportation
Potions
 b - 4 potions of curing
 d - 2 potions of flight
 e - a potion of attraction
 g - a potion of invisibility
 h - a potion of might
 l - a potion of magic
 m - a potion of haste
 n - a potion of resistance {unknown}
 o - a potion of heal wounds {unknown}


   Skills:
 + Level 4.5 Fighting
 * Level 4.3 Long Blades
 * Level 5.7 Armour
 + Level 2.1 Dodging
 * Level 5.8 Shields


You had 6 spell levels left.
You didn't know any spells.
Your spell library contained the following spells:

 Spells                   Type           Power      Damage    Failure   Level
 Blink                    Tloc           N/A        N/A       99%         2
 Conjure Flame            Conj/Fire      0%         6-21      100%        3
 Ignite Poison            Fire/Tmut/Pois 0%         N/A       100%        3
 Sticky Flame             Conj/Fire      0%         2d3       100%        4
 Manifold Assault         Tloc           0%         N/A       100%        5
 Storm Form               Tmut/Air       0%         N/A       100%        7


Dungeon Overview and Level Annotations

Branches:
Dungeon (5/15)             Temple (1/1) D:5           Sewer (visited)

Altars:
Ashenzari
Dithmenos
Elyvilon
Hepliaklqana
Kikubaaqudgha
Makhleb
Nemelex Xobeh
Qazlal
Trog
Uskayaw
Wu Jian
Yredelemnul
Zin

Annotations:
D:4 1 runed translucent door, RandomusNamus's ghost, amateur DjFE


Innate Abilities, Weirdness & Mutations

You are immune to sickness and miasma.
Your stone body is resilient. (AC +4)
You are immune to poison.
You resist negative energy. (rN+)
You are resistant to electric shocks. (rElec)
You are resistant to unholy torment.
You are immune to petrification.


Message History

The adder hisses angrily.
You see here a white potion.
o - a white potion You block the adder's attack.
You hit the adder.
The adder is heavily wounded.
You block the adder's attack. x2
You hit the adder.
The adder is severely wounded.
You block the adder's attack.
You closely miss the adder.
The adder is severely wounded.
You block the adder's attack. x2
You hit the adder.
The adder is almost dead.
The adder closely misses you.
You slash the adder!
You kill the adder!
An ogre comes into view. It is wielding a +0 giant club.
You hit the ogre.
The ogre is lightly wounded.
The ogre hits you with a +0 giant club!
You hit the ogre.
The ogre is lightly wounded.
The ogre barely misses you.
You hit the ogre.
The ogre is moderately wounded.
The ogre hits you with a +0 giant club!
You barely miss the ogre.
The ogre is moderately wounded.
You block the ogre's attack.
You barely miss the ogre.
The ogre is moderately wounded.
The ogre hits you with a +0 giant club!
* * * LOW HITPOINT WARNING * * *
Your chain mail prevents you from hitting the ogre.
The ogre is moderately wounded.
The ogre hits you with a +0 giant club!!
Ouch! That really hurt!
You die...

## .. .# #### .. ....#
.###. #.# ... ##.##
#O###...## #@##.....##
##..##.#.......######
.....................#
.#.....#........####.#
...............## #.#
.##...........## #.#
............## ####.#
#####...#..### #....#
#..###.# #.##.#


You could see an ogre.

Vanquished Creatures
  An ogre (D:5)
  The ghost of RandomusNamus the Magician, an amateur DjFE (D:3)
  A kobold brigand (Sewer)
  A gnoll sergeant (D:3)
  A centaur zombie (D:3)
  3 hounds
  2 orc priests (D:4)
  A centaur skeleton (D:5)
  2 iguanas (D:5)
  An orc wizard (D:5)
  4 gnolls
  6 adders
  2 river rats (D:3)
  An ufetubus (D:3)
  3 worms (D:3)
  4 dart slugs
  8 orcs
  6 endoplasms
  2 giant cockroaches
  5 goblins
  6 hobgoblins
  9 jackals
  10 kobolds
  6 quokkas
  4 ball pythons
  3 bats
  6 frilled lizards
  10 rats
109 creatures vanquished.

Vanquished Creatures (others)
  An orc wizard (D:5)
  An adder zombie (D:5)
  7 fungi (D:5)
9 creatures vanquished.

Grand Total: 118 creatures vanquished

Notes
Turn   | Place    | Note
-------+----------+-------------------------------------------
     0 | D:1      | timneilson the Gargoyle Fighter began the quest for the
                  | Orb.
     0 | D:1      | Reached XP level 1. HP: 14/14 MP: 1/1
   493 | D:1      | Reached XP level 2. HP: 18/19 MP: 2/2
   810 | D:1      | Reached XP level 3. HP: 21/23 MP: 3/3
  1473 | D:1      | Identified a scroll of acquirement
  1473 | D:1      | Acquired 1060 gold pieces
  1818 | D:2      | Reached XP level 4. HP: 28/28 MP: 4/4
  2378 | D:3      | Found a transporter.
  2383 | D:3      | Noticed RandomusNamus's ghost (amateur DjFE)
  2595 | D:3      | Found a glowing drain.
  2599 | Sewer    | Entered a sewer
  2811 | Sewer    | Noticed a kobold brigand
  2853 | Sewer    | Reached skill level 1 in Dodging
  2953 | Sewer    | Killed a kobold brigand
  2954 | Sewer    | Reached XP level 5. HP: 12/33 MP: 5/5
  2967 | Sewer    | Found a white marble altar of Elyvilon.
  3368 | D:3      | Found an ancient bone altar of Kikubaaqudgha.
  3370 | D:3      | Found a hide-covered altar of Uskayaw.
  3374 | D:3      | Found a shadowy altar of Dithmenos.
  3398 | D:3      | Found a transporter.
  3453 | D:3      | Reached XP level 6. HP: 28/38 MP: 6/6
  3790 | D:3      | Found a hazy altar of Hepliaklqana.
  4620 | D:3      | Killed RandomusNamus's ghost
  4621 | D:3      | Reached skill level 5 in Armour
  4621 | D:3      | Reached skill level 5 in Shields
  4621 | D:3      | Reached XP level 7. HP: 32/43 MP: 7/7
  5115 | D:4      | Found a runed translucent door.
  5119 | D:4      | Noticed RandomusNamus's ghost (amateur DjFE)
  5434 | D:5      | Entered Level 5 of the Dungeon
  5509 | D:5      | Identified the +7 dagger "Bidaasm" {vorpal, rCorr Int+5}
  6257 | D:5      | Found a staircase to the Ecumenical Temple.
  6264 | Temple   | Entered the Ecumenical Temple
  6531 | D:5      | Mangled by an ogre

Illustrated notes

Levels and vault maps discovered:
D:1:      wander_arrival_desolate, layout_basic
D:2:      layout_loops_corners
D:3:      layout_loops_corners, mainiacjoe_overflow_alcove_2,
          grunt_temple_overflow_diamond, gup_sewer_entry_spiral,
          gammafunk_ghost_arena
D:4:      layout_cave_pools, ebering_ghost_sewer_d, kennysheep_nondescript,
          chequers_serial_rivers_micro_c
D:5:      layout_loops_ring, mainiacjoe_overflow_tiny_flanked, temple_green,
          serial_aquarium, aquarium_bridge_square [aquarium_subvault_window,
          aquarium_subvault_bridge, aquarium_subvault_bridge,
          aquarium_subvault_window], aquarium_window_fake, aquarium_window_3,
          aquarium_view_2e, aquarium_view_2e, aquarium_pool_split,
          lemuel_flame_loot_1
Temple:   compressed_dpeg_triangle_lava_temple

Skill      XL: |  1  2  3  4  5  6  7 |
---------------+----------------------+-----
Long Blades    | 2 3 4 |  4.3
Armour         | 4 5 |  5.7
Shields        | 4 5 |  5.8
Dodging        | 1 2 |  2.1
Fighting       | 4 |  4.5

Action                   |  1- 3 |  4- 6 |  7- 9 || total
-------------------------+-------+-------+-------++-------
Melee: Long sword        |   111 |   259 |   116 ||   486
  Use: Scroll            |     1 |     6 |     4 ||    11
       Potion            |       |     1 |       ||     1
Armor: Scale mail        |     2 |       |       ||     2
       Chain mail        |    54 |   154 |    76 ||   284
Dodge: Dodged            |    33 |    94 |    36 ||   163
Block: Buckler           |    28 |    50 |    27 ||   105

Table legend: (Time is in decaauts)
 A = Elapsed time spent in this place.
 B = Non-inter-level travel time spent in this place.
 C = Inter-level travel time spent in this place.
 D = Time resting spent in this place.
 E = Time spent auto-exploring this place.
 F = Levels seen in this place.
 G = Mean time per level.
                   A        B        C        D        E       F      G
               +--------+--------+--------+--------+--------+-----+--------+
         Total |   6768 |   6617 |    151 |    769 |   4284 |   7 |  966.9 |
       Dungeon |   5882 |   5744 |    138 |    618 |   3797 |   5 | 1176.4 |
        Temple |    225 |    212 |     13 |      0 |    205 |   1 |  225.0 |
         Sewer |    660 |    660 |      0 |    151 |    281 |   1 |  660.0 |
               +--------+--------+--------+--------+--------+-----+--------+

Top non-repeatable levels by time:
     D:3: 1783 daAuts
     D:1: 1522 daAuts
     D:4: 931 daAuts
     D:2: 892 daAuts
     D:5: 753 daAuts
   Sewer: 660 daAuts
  Temple: 225 daAuts
